 Dungeon Crawl Stone Soup version 0.27-a0-1565-gad902ab807 (webtiles) character file.

Game seed: 6499151923601775148

18 flotson the Sneak (level 2, -6/24 HPs)
             Began as a Demonspawn Delver on July 17, 2021.
             Mangled by an iguana (8 damage)
             ... on level 5 of the Dungeon.
             The game lasted 00:01:24 (186 turns).

flotson the Sneak (Demonspawn Delver)                Turns: 186, Time: 00:01:25

Health: -6/24      AC:  3    Str: 12    XL:     2   Next: 51%
Magic:  2/2        EV: 12    Int: 11    God:
Gold:   0          SH:  0    Dex: 14    Spells: 1/1 levels left

rFire    . . .     SeeInvis .   a - +0 hand axe
rCold    . . .     Faith    .   (no shield)
rNeg     . . .     Spirit   .   b - +0 leather armour
rPois    .         Reflect  .   (helmet restricted)
rElec    .         Harm     .   (no cloak)
rCorr    .         Rampage  .   (no gloves)
Will     .....                  (no boots)
Stlth    +++.......             (no amulet)
HPRegen  0.08/turn              (no ring)
MPRegen  0.08/turn              (no ring)

@: no status effects
A: horns 1
a: no special abilities


You were on level 5 of the Dungeon.
You visited 1 branch of the dungeon, and saw 1 of its levels.

Inventory:

Hand Weapons
 a - a +0 hand axe (weapon)
Armour
 b - a +0 leather armour (worn)
Wands
 g - a wand of digging (2)
Scrolls
 c - a scroll of fog


   Skills:
 + Level 3.1 Fighting
 + Level 2.0 Axes
 + Level 0.5 Armour
 + Level 2.0 Dodging
 + Level 4.6 Stealth
 + Level 0.6 Evocations


You had one spell level left.
You didn't know any spells.
Your spell library was empty.

Dungeon Overview and Level Annotations

Branches:
Dungeon (5/15)
 Temple: D:4-7

Altars:
Sif Muna


Innate Abilities, Weirdness & Mutations

You have a pair of small horns on your head.


Message History

Unknown command.
You miss the jackal.
The jackal is almost dead.
You closely miss the iguana. You hit the howler monkey skeleton.
The jackal closely misses you.
The howler monkey skeleton barely misses you.
The iguana misses you. The jackal barely misses you.
Unknown command.
You hit the jackal.
You kill the jackal!
You closely miss the iguana. You hit the howler monkey skeleton.
The howler monkey skeleton barely misses you.
The iguana bites you!
Ouch! That really hurt!
* * * LOW HITPOINT WARNING * * *
The jackal barely misses you.
The iguana bites you but does no damage.
You have reached level 2!
Your demonic ancestry asserts itself...
A pair of horns grows on your head!
Okay, then.
As you read the scroll labelled NOUTHREG LALEON, it crumbles to dust.
You speak a Word of immense power!
The howler monkey skeleton convulses!
You destroy the howler monkey skeleton!
You are blasted by holy energy!
* * * LOW HITPOINT WARNING * * *
It was a scroll of holy word.
The jackal bites you but does no damage.
The iguana barely misses you.
Your Axes skill increases to level 2!
Your Dodging skill increases to level 2!
You aren't carrying any potions.
You barely miss the jackal. You headbutt the jackal.
The jackal is moderately wounded.
You barely miss the iguana. You hit the iguana but do no damage.
The jackal closely misses you. The iguana barely misses you.
The jackal bites you.
* * * LOW HITPOINT WARNING * * *
The iguana bites you!
You die...

***** **,,.** **,**#.#**
*,*,,,#..###########
*,*,,,#.........lZ.#
*,*,,,#....ll#####.#
**,**#....##@# #.#
*******,,......#h#####l#
,,,,,,,,,.....$.......Z#
********,*,....#.####..#########*
*,**.,.##................,
********,***.#*######..#...#####,
,,,,,,,,,,,..,,,,* #..#.#......,
,********,.#,*,*,** #......#####,
,,** *,,*,*,,,,**#.#.#l## *,


You could see 2 iguanas and a jackal.

Vanquished Creatures
  A howler monkey skeleton (D:5)
  An ufetubus (D:5)
  2 jackals (D:5)
4 creatures vanquished.

Notes
Turn   | Place    | Note
-------+----------+-------------------------------------------
     0 | D:5      | flotson the Demonspawn Delver began the quest for the Orb.
     0 | D:5      | Reached XP level 1. HP: 18/18 MP: 1/1
    63 | D:5      | Noticed a kobold brigand
    96 | D:5      | Noticed a scorpion
   114 | D:5      | Noticed an iguana
   146 | D:5      | Found a shimmering blue altar of Sif Muna.
   175 | D:5      | Noticed an iguana
   185 | D:5      | Gained mutation: You have a pair of small horns on your
                  | head. [demonic ancestry]
   185 | D:5      | Reached XP level 2. HP: 5/24 MP: 2/2
   186 | D:5      | Mangled by an iguana

Illustrated notes

Levels and vault maps discovered:
D:5:      layout_loops_ring, overflow_temple_1_default, nrook_mini_vaults,
          uniq_pikel, uniq_eustachio

Skill      XL: |  1  2 |
---------------+-------+-----
Axes           | 2 |  2.0
Dodging        | 2 |  2.0
Fighting       | |  3.1
Armour         | |  0.5
Stealth        | |  4.6
Evocations     | |  0.6

Action                   || total
-------------------------++-------
Melee: Hand axe          ||    11
       Headbutt          ||     1
Evoke: Wand              ||     1
  Use: Scroll            ||     3
       Potion            ||     1
Armor: Leather armour    ||     8
Dodge: Dodged            ||    25

Table legend: (Time is in decaauts)
 A = Elapsed time spent in this place.
 B = Non-inter-level travel time spent in this place.
 C = Inter-level travel time spent in this place.
 D = Time resting spent in this place.
 E = Time spent auto-exploring this place.
 F = Levels seen in this place.
 G = Mean time per level.
                   A        B        C        D        E       F      G
               +--------+--------+--------+--------+--------+-----+--------+
         Total |    167 |    167 |      0 |      0 |     45 |   1 |  167.0 |
       Dungeon |    167 |    167 |      0 |      0 |     45 |   1 |  167.0 |
               +--------+--------+--------+--------+--------+-----+--------+

Top non-repeatable levels by time:
     D:5: 167 daAuts
